Map: [ESL] Babylon

Players

Classic - Winner!

  • Race: Protoss Protoss
  • Spawn Location: 11:00

Astrea

  • Race: Protoss Protoss
  • Spawn Location: 5:00

Event: ESL SC2 Masters 2023 Summer (Finals)

VOD

Have the link to the VOD?

Description

Time

  • Played on: June 17, 2023, 1:57 p.m.
  • Length: 11:49

All games in this series

Show
View Real Time Build Order
Export as new Build Order

Classic Protoss - Winner!

Build Orders: 1 Gate Expand, Phoenix Opening, Archon Immortal 

Get SALT Encoding   

  12  0:00  Probe  
  13  0:12  Probe  
  14  0:17  Pylon  
  14  0:24  Probe  
  15  0:37  Probe (Chrono Boost), Gateway  
  16  0:47  Probe (Chrono Boost), Assimilator  
  17  0:52  Probe (Chrono Boost)  
  18  1:04  Probe  
  19  1:16  Probe  
  20  1:24  Cybernetics Core  
  21  1:35  Nexus  
  21  1:41  Assimilator  
  22  1:52  Pylon  
  22  1:55  Probe (Chrono Boost)  
  23  2:03  Adept (Chrono Boost)  
  23  2:11  Warp Gate  
  23  2:12  Probe (Chrono Boost)  
  24  2:17  Probe (Chrono Boost)  
  25  2:24  Stalker (Chrono Boost)  
  25  2:27  Probe  
  28  2:41  Probe  
  28  2:43  Stargate  
  29  2:49  Probe  
  29  2:53  Stalker  
  29  2:55  Probe (Chrono Boost)  
  32  3:01  Probe (Chrono Boost)  
  33  3:11  Probe x2 (Chrono Boost)  
  35  3:16  Probe (Chrono Boost)  
  35  3:18  Probe, Shield Battery  
  35  3:25  Phoenix (Chrono Boost)  
  37  3:28  Probe, Stalker  
  37  3:30  Probe  
  37  3:33  Pylon  
  41  3:40  Probe  
  42  3:41  Phoenix  
  42  3:42  Probe  
  45  3:51  Assimilator  
  45  3:53  Assimilator  
  45  3:55  Pylon  
  45  3:57  Probe  
  45  4:02  Probe (Chrono Boost)  
  47  4:04  Robotics Facility  
  47  4:09  Probe (Chrono Boost)  
  48  4:15  Phoenix  
  51  4:18  Probe (Chrono Boost)  
  51  4:21  Probe (Chrono Boost)  
  51  4:22  Pylon  
  52  4:24  Probe (Chrono Boost)  
  52  4:25  Probe (Chrono Boost)  
  54  4:31  Forge  
  54  4:32  Probe  
  54  4:35  Probe  
  56  4:39  Sentry  
  56  4:40  Phoenix  
  60  4:50  Gateway  
  60  4:52  Immortal (Chrono Boost)  
  64  5:05  Phoenix  
  64  5:07  Pylon, Protoss Ground Weapons Level 1  
  66  5:19  Twilight Council  
  70  5:33  Observer  
  67  5:38  Stalker  
  69  5:54  Gateway  
  69  5:56  Gateway  
  69  5:58  Pylon  
  69  6:00  Immortal (Chrono Boost)  
  73  6:05  Probe x2  
  75  6:12  Pylon  
  75  6:14  Nexus  
  75  6:25  Stalker  
  77  6:26  Stalker  
  77  6:32  Gateway  
  77  6:33  Gateway  
  77  6:40  Charge  
  77  6:42  Immortal  
  81  6:49  Stalker x2  
  85  6:56  Adept x2  
  85  6:57  Protoss Ground Weapons Level 2 (Chrono Boost)  
  89  7:03  Templar Archives  
  89  7:11  Gateway x2  
  89  7:22  Immortal (Chrono Boost)  
  88  7:49  Zealot x6  
  92  7:51  Warp Prism (Chrono Boost)  
  94  8:00  Probe x3  
  94  8:02  Gateway  
  97  8:10  High Templar  
  97  8:11  High Templar x3, Zealot x2  
  109  8:15  Archon x2  
  109  8:19  Pylon  
  109  8:21  Pylon  
  109  8:22  Pylon  
  107  8:38  High Templar  
  107  8:39  High Templar, Zealot  
  109  8:44  Archon  
  109  8:47  Zealot x4  
  111  8:49  Observer  
  108  9:06  Zealot, Protoss Ground Weapons Level 3 (Chrono Boost)  
  102  9:11  Zealot x5  
  102  9:12  Zealot  
  102  9:13  Immortal  
  116  9:39  Zealot x7  
  128  10:03  Zealot x3  
  128  10:04  Zealot  
  128  10:07  Zealot x2  
  132  10:08  Pylon  
  132  10:09  Pylon, Zealot  
  132  10:10  Pylon  
  120  10:21  Immortal (Chrono Boost)  
  122  10:29  Zealot x4  
  122  10:30  Zealot x2  
  124  10:49  Probe x3  
  127  10:50  High Templar x2, Assimilator  
  127  10:51  High Templar x4, Zealot  
  127  10:54  Archon  
  127  10:55  Archon x2  
  141  11:02  Immortal (Chrono Boost)  
  131  11:20  Zealot  
  131  11:23  Zealot x8  
  137  11:44  Zealot  
  137  11:45  Zealot x6  
  137  11:46  Zealot  
Show
View Real Time Build Order
Export as new Build Order

Astrea Protoss 

Build Orders: Oracle Opening 

Get SALT Encoding   

  12  0:00  Probe  
  13  0:12  Probe  
  14  0:17  Pylon  
  14  0:24  Probe (Chrono Boost)  
  15  0:36  Probe (Chrono Boost)  
  15  0:37  Gateway  
  16  0:44  Probe (Chrono Boost)  
  16  0:46  Assimilator  
  17  0:51  Probe  
  18  1:03  Probe  
  19  1:15  Probe (Chrono Boost)  
  20  1:19  Pylon  
  20  1:20  Assimilator  
  21  1:25  Probe (Chrono Boost)  
  21  1:28  Cybernetics Core  
  23  1:37  Probe  
  24  1:49  Probe  
  25  2:00  Nexus  
  23  2:03  Probe  
  23  2:04  Warp Gate  
  23  2:05  Adept (Chrono Boost)  
  26  2:15  Probe  
  27  2:22  Stargate  
  27  2:27  Probe  
  28  2:33  Stalker  
  30  2:39  Probe  
  30  2:51  Probe  
  30  3:03  Probe  
  28  3:14  Oracle (Chrono Boost)  
  28  3:15  Probe  
  28  3:19  Probe  
  32  3:27  Probe  
  32  3:31  Probe  
  34  3:39  Probe  
  35  3:42  Twilight Council  
  35  3:43  Probe (Chrono Boost)  
  35  3:46  Gateway  
  38  3:55  Probe (Chrono Boost)  
  38  3:57  Probe (Chrono Boost)  
  38  4:03  Probe (Chrono Boost)  
  38  4:05  Probe (Chrono Boost)  
  40  4:10  Probe  
  40  4:16  Nexus, Blink (Chrono Boost)  
  41  4:20  Probe  
  42  4:26  Probe  
  43  4:33  Dark Shrine, Probe  
  44  4:38  Probe  
  44  4:41  Pylon  
  44  4:42  Assimilator  
  45  4:46  Gateway  
  45  4:47  Probe  
  46  4:59  Probe  
  48  5:00  Probe  
  48  5:02  Stalker x2  
  48  5:11  Probe  
  48  5:12  Probe  
  50  5:20  Gateway  
  50  5:23  Probe  
  50  5:24  Probe  
  50  5:25  Stalker  
  52  5:31  Probe  
  52  5:32  Stalker  
  55  5:35  Probe  
  55  5:39  Probe  
  57  5:43  Probe  
  57  5:48  Probe  
  59  5:51  Probe  
  59  5:53  Pylon, Stalker x2  
  64  5:57  Charge (Chrono Boost)  
  64  5:58  Probe  
  64  5:59  Stalker  
  67  6:06  Probe x2  
  67  6:10  Pylon  
  69  6:17  Stalker x2  
  72  6:18  Probe (Chrono Boost)  
  72  6:19  Probe (Chrono Boost)  
  72  6:24  Probe (Chrono Boost)  
  74  6:25  Stalker  
  74  6:28  Probe (Chrono Boost)  
  74  6:31  Probe (Chrono Boost), Stalker  
  74  6:32  Probe (Chrono Boost)  
  81  6:33  Probe (Chrono Boost)  
  78  6:40  Probe  
  78  6:42  Pylon  
  78  6:43  Probe  
  78  6:44  Forge  
  78  6:45  Probe  
  81  6:47  Stalker  
  81  6:48  Stalker  
  85  6:55  Probe  
  85  7:00  Probe x2  
  87  7:02  Pylon  
  87  7:06  Stalker x2  
  87  7:07  Oracle  
  93  7:11  Protoss Ground Weapons Level 1 (Chrono Boost)  
  93  7:14  Pylon  
  93  7:20  Probe x2  
  93  7:21  Pylon  
  95  7:24  Nexus  
  95  7:28  Stalker  
  96  7:30  Stalker  
  85  7:44  Stalker x2  
  85  7:45  Probe  
  86  7:57  Probe x2  
  86  8:00  Stalker x2  
  89  8:08  Probe  
  89  8:09  Probe x2  
  89  8:12  Stalker x2  
  96  8:15  Gateway  
  96  8:16  Gateway  
  96  8:20  Gateway  
  96  8:21  Probe x2  
  96  8:23  Shield Battery  
  96  8:24  Gateway  
  98  8:27  Pylon  
  98  8:30  Probe  
  93  8:35  Probe  
  94  8:44  Stalker x4  
  100  8:48  Probe  
  100  8:49  Probe x3  
  100  8:52  Shield Battery  
  102  9:00  Probe  
  101  9:09  Probe  
  100  9:11  Stalker x6  
  100  9:13  Probe  
  111  9:18  Probe, Shield Battery x2  
  111  9:19  Pylon  
  112  9:26  Stalker x2  
  116  9:37  Stalker x5  
  124  9:38  Probe  
  124  9:40  Zealot  
  124  9:45  Probe  
  127  9:52  Probe x2  
  129  9:55  Assimilator  
  129  9:56  Pylon, Stalker x2, Assimilator  
  133  10:03  Stalker  
  133  10:04  Stalker  
  126  10:11  Zealot x3  
  126  10:12  Zealot  
  125  10:19  Probe  
  125  10:20  Probe x2  
  115  10:33  Stalker x2  
  115  10:34  Stalker  
  109  10:43  Stalker  
  109  10:44  Stalker x2  
  109  10:45  Zealot  
  113  11:00  Nexus  
  113  11:02  Zealot x3  
  117  11:07  Shield Battery  
  107  11:14  Stalker x5  
  115  11:25  Stalker  
  105  11:34  Stalker x2  
  105  11:39  Stalker x2  
Tags
 
Add a new tag
Caveats
  • Supply blocks, unpowered buildings, or Contaminate may cause inaccurate times.
  • Supply counts are checked every 10 seconds.